 Dungeon Crawl Stone Soup version 0.22-a0-307-g2b15929 (webtiles) character file.

115 xccam the Chopper (level 5, -4/41 HPs)
             Began as a Formicid Fighter on Apr 1, 2018.
             Killed by divine providence
             ... invoked by an orc priest
              (8 damage)
             ... on level 4 of the Dungeon.
             The game lasted 00:01:50 (1959 turns).

xccam the Chopper (Formicid Fighter)                Turns: 1959, Time: 00:01:51

Health: -4/41      AC:  8    Str: 21    XL:     5   Next: 20%
Magic:  5/5        EV:  7    Int:  8    God:
Gold:   83         SH:  9    Dex: 10    Spells: 4/4 levels left

rFire    . . .     SeeInvis +   a - +0 war axe
rCold    . . .     Gourm    .   c - +0 shield
rNeg     . . .     Faith    .   b - +0 scale mail
rPois    .         Spirit   .   (helmet unavailable)
rElec    .         Reflect  .   (no cloak)
rCorr    .         Harm     .   j - +0 pair of gloves
MR       .....                  (no boots)
Stlth    ..........             (no amulet)
HPRegen  0.13/turn              (no ring)
MPRegen  0.09/turn              (no ring)

@: no status effects
A: permanent stasis, dig shafts and tunnels, four strong arms, antennae 3
a: Dig, Shaft Self


You were on level 4 of the Dungeon.
You were hungry.

You visited 1 branch of the dungeon, and saw 4 of its levels.

You collected 83 gold pieces.

Inventory:

Hand Weapons
 a - a +0 war axe (weapon)
Armour
 b - a +0 scale mail (worn)
 c - a +0 shield (worn)
 g - a +0 plate armour
 j - a +0 pair of gloves (worn)
Jewellery
 r - a cursed -3 ring of evasion {unknown}
Scrolls
 e - 5 scrolls of identify {unknown}
 h - a scroll of fog {unknown}
 k - a scroll of immolation {unknown}
 l - 5 scrolls of remove curse {unknown}
 m - a scroll of enchant armour {unknown}
 n - a scroll of noise {unknown}
 q - 2 scrolls of blinking {unknown}
Potions
 d - a potion of might
 i - a potion of agility {unknown}
 o - 3 potions of curing {unknown}
 s - a potion of mutation {unknown}
Comestibles
 f - 9 rations


   Skills:
 - Level 3.2 Fighting
 + Level 5.0 Axes
 - Level 3.2 Armour
 - Level 3.6 Shields


You had 4 spell levels left.
You didn't know any spells.

Dungeon Overview and Level Annotations

Branches:
Dungeon (4/15)
 Temple: D:4-7

Altars:


Innate Abilities, Weirdness & Mutations

You cannot be hasted, slowed, berserked, paralysed or teleported.
You can dig through walls and to a lower floor.
Your four strong arms can wield two-handed weapons with a shield.
You have a pair of large antennae on your head. (SInv)


Message History

You block the scorpion's attack. You block the orc wizard's attack.
You barely miss the scorpion.
The scorpion is heavily wounded.
You hit the orc priest. You closely miss the orc wizard.
The orc priest hits you with a dagger.
* * * LOW HITPOINT WARNING * * *
The scorpion closely misses you. You block the orc wizard's attack.
The orc priest hits you with a dagger.
* * * LOW HITPOINT WARNING * * *
Unknown command.
You closely miss the orc priest.
The orc priest is severely wounded.
You hit the scorpion. You slash the orc wizard!
You kill the orc wizard!
Your Axes skill increases to level 5!
You have reached level 5!
You block the scorpion's attack.
The orc priest invokes the aid of Beogh against you.
Beogh smites you!
You die...

#####
##...##
#.....####
#.@....<.#
#os)..##.#
######...##
.#
#.......).#
..
#.####....#
..# #).###
#.. #..#
### #...
....#


You could see a scorpion and an orc priest.

Vanquished Creatures
  An orc wizard (D:4)
  3 adders (D:2)
  An ooze (D:2)
  2 worms (D:2)
  A dart slug (D:3)
  3 leopard geckos
  4 orcs
  9 goblins
  4 hobgoblins
  6 bats
  4 frilled lizards
  3 kobolds
  9 rats
50 creatures vanquished.

Notes
Turn   | Place    | Note
-------+----------+-------------------------------------------
     0 | D:1      | xccam the Formicid Fighter began the quest for the Orb.
     0 | D:1      | Reached XP level 1. HP: 18/18 MP: 1/1
    89 | D:1      | Reached XP level 2. HP: 17/24 MP: 2/2
   363 | D:1      | Reached skill level 3 in Axes
   735 | D:2      | Reached XP level 3. HP: 29/29 MP: 3/3
   990 | D:2      | Reached skill level 4 in Axes
   990 | D:2      | Reached XP level 4. HP: 31/35 MP: 4/4
  1959 | D:4      | Reached skill level 5 in Axes
  1959 | D:4      | Reached XP level 5. HP: 3/41 MP: 5/5
  1959 | D:4      | Killed from afar by an orc priest

Vault maps used:
D:1:      minmay_arrival_cross, st_stairs_10
D:2:      first_ration
D:3:      kennysheep_path_1
D:4:      nrook_loot_triangle, serial_bayou_crossing, uniq_eustachio,
          uniq_duvessa

Skill      XL: |  1  2  3  4 |
---------------+-------------+-----
Axes           | 3 4 5 |  5.0
Fighting       | |  3.2
Armour         | |  3.2
Shields        | |  3.6

Action                   |  1- 3 |  4- 6 || total
-------------------------+-------+-------++-------
Melee: War axe           |    85 |    66 ||   151
  Eat: Chunk             |       |     3 ||     3
Armor: Scale mail        |    45 |    31 ||    76
Dodge: Dodged            |    23 |    17 ||    40
Block: Shield            |    50 |    32 ||    82

Table legend:
 A = Spawn XP
 B = Non-spawn XP
 C = Spawn XP percentage of total XP
 D = Spawn monster count
 E = Non-spawn monster count
 F = Spawn count percentage of total count
 G = Total turns spent on level
                    A         B        C        D         E        F      G
               +---------+---------+-------+---------+---------+-------+---------
         Total |       0 |     165 |   0.0 |       0 |      50 |   0.0 |  1959
               +---------+---------+-------+---------+---------+-------+---------
           D:1 |       0 |      28 |   0.0 |       0 |      18 |   0.0 |   729
           D:2 |       0 |      73 |   0.0 |       0 |      18 |   0.0 |   634
           D:3 |       0 |      23 |   0.0 |       0 |      11 |   0.0 |   570
           D:4 |       0 |      41 |   0.0 |       0 |       3 |   0.0 |    26
               +---------+---------+-------+---------+---------+-------+---------
